 Dungeon Crawl Stone Soup version 0.21-a0-351-g38363bb (webtiles) character file.

44699 grizmgrazm2 the Unseen (level 13, -21/86 HPs)
             Began as a Vampire Enchanter on Oct 9, 2017.
             Was an Elder of Ashenzari.
             Demolished by a death yak (26 damage)
             ... on level 6 of the Lair of Beasts.
             The game lasted 01:08:53 (23663 turns).

grizmgrazm2 the Unseen (Vampire Enchanter)         Turns: 23663, Time: 01:08:55

Health: -21/86     AC:  6    Str:  7    XL:     13   Next: 97%
Magic:  29/29      EV: 22    Int: 22    God:    Ashenzari [****..]
Gold:   580        SH:  0    Dex: 15    Spells: 19/36 levels left

rFire    . . .     SeeInvis +   j - +7 dagger (protect) (curse)
rCold    + . .     Gourm    .   (no shield)
rNeg     + + .     Faith    .   b - +0 robe (curse)
rPois    +         Spirit   .   D - +1 hat (curse)
rElec    .         Reflect  .   t - +0 cloak (curse)
rCorr    .         Harm     .   p - +0 pair of gloves (curse)
MR       +....     Clarity  +   q - +0 pair of boots (curse)
Stlth    +++++++++.             e - amulet of magic regeneration (curse)
HPRegen  0.12/turn              C - +6 ring of slaying (curse)
MPRegen  0.46/turn              o - +4 ring of evasion (curse)

@: regenerating slowly
A: fangs 3, see invisible, unbreathing
a: Bat Form, Curse Item, Scrying, Renounce Religion


You were on level 6 of the Lair of Beasts.
You worshipped Ashenzari.
Ashenzari was greatly pleased with you.
You were thirsty.

You visited 3 branches of the dungeon, and saw 18 of its levels.
You also visited: Bailey.

You collected 951 gold pieces.
You spent 371 gold pieces at shops.

Inventory:

Hand Weapons
 j - a cursed +7 dagger of protection (weapon)
Armour
 b - a cursed +0 robe (worn)
 p - a cursed +0 pair of gloves (worn)
 q - a cursed +0 pair of boots (worn)
 t - a cursed +0 cloak (worn)
 D - a cursed +1 hat (worn)
Jewellery
 e - a cursed amulet of magic regeneration (around neck)
 n - an uncursed ring of resist corrosion
 o - a cursed +4 ring of evasion (right hand)
 u - an uncursed ring of flight
 y - an uncursed ring of protection from cold
 C - a cursed +6 ring of slaying (left hand)
Wands
 a - a wand of iceblast (10/15)
 E - a wand of confusion (18/48)
 I - a wand of disintegration (11/24)
 J - a wand of paralysis (16/24)
 K - a wand of lightning (10/15)
 L - a wand of digging (13/24)
 M - a wand of iceblast (9/15)
Scrolls
 i - 2 scrolls of recharging
 k - 13 scrolls of teleportation
 m - 4 scrolls of blinking
 v - 3 scrolls of remove curse
 z - 3 scrolls of identify
 G - 2 scrolls of summoning
Potions
 d - 24 potions of blood
 l - 3 potions of haste
 s - a potion of flight
 x - a potion of resistance
 B - 2 potions of curing
 F - a potion of invisibility
Books
 c - a book of Maledictions

   Spells                             Type                      Level
   a - Corona                         Hexes                        1
   b - Ensorcelled Hibernation        Hexes/Ice                    2
   c - Confuse                        Hexes                        3
   d - Tukima's Dance                 Hexes                        3
   e - Dazzling Spray                 Conjuration/Hexes            3
 f - a book of Callings

   Spells                             Type                      Level
   a - Summon Small Mammal            Summoning                    1
   b - Call Imp                       Summoning                    2
   c - Call Canine Familiar           Summoning                    3
   d - Summon Guardian Golem          Hexes/Summoning              3
   e - Summon Lightning Spire         Summoning/Air                4
   f - Summon Ice Beast               Ice/Summoning                4
 g - the Incunabulum of Fiery Bewitchment
   (You found it on level 1 of the Lair of Beasts)

   Spells                             Type                      Level
   a - Dazzling Spray                 Conjuration/Hexes            3
   b - Ignite Poison                  Fire/Transmutation/Poison    3
   c - Summon Guardian Golem          Hexes/Summoning              3
   d - Ring of Flames                 Charms/Fire                  7
 h - Heps's Incunabulum of Frigorific Fire
   (You found it on level 4 of the Dungeon)

   Spells                             Type                      Level
   a - Flame Tongue                   Conjuration/Fire             1
   b - Ensorcelled Hibernation        Hexes/Ice                    2
   c - Conjure Flame                  Conjuration/Fire             3
   d - Ice Form                       Ice/Transmutation            4
   e - Bolt of Cold                   Conjuration/Ice              6
 r - a book of Geomancy

   Spells                             Type                      Level
   a - Sandblast                      Earth                        1
   b - Passwall                       Transmutation/Earth          2
   c - Stone Arrow                    Conjuration/Earth            3
   d - Petrify                        Transmutation/Earth          4
   e - Lee's Rapid Deconstruction     Earth                        5
 H - a book of Minor Magic

   Spells                             Type                      Level
   a - Magic Dart                     Conjuration                  1
   b - Blink                          Translocation                2
   c - Call Imp                       Summoning                    2
   d - Slow                           Hexes                        2
   e - Conjure Flame                  Conjuration/Fire             3
   f - Mephitic Cloud                 Conjuration/Poison/Air       3


   Skills:
 + Level 3.1 Fighting
 + Level 6.1(9.7) Short Blades
 + Level 5.6(9.1) Dodging
 + Level 19.2(21.8) Stealth
 * Level 12.4 Spellcasting
 + Level 16.0(18.9) Hexes
 + Level 1.1(3.1) Summonings
 + Level 6.8(10.3) Ice Magic


You had 19 spell levels left.
You knew the following spells:

 Your Spells              Type           Power        Failure   Level  Hunger
a - Ensorcelled Hibernat  Hex/Ice        ######       1%          2    None
b - Confuse               Hex            #######.     0%          3    None
c - Tukima's Dance        Hex            #######.     0%          3    None
d - Slow                  Hex            #######.     0%          2    None
e - Summon Guardian Gole  Hex/Summ       ######..     1%          3    None
f - Summon Ice Beast      Ice/Summ       #####...     3%          4    None


Dungeon Overview and Level Annotations

Branches:
Dungeon (11/15)            Temple (1/1) D:4            Lair (6/6) D:10
 Shoals (0/4) Lair:3       Spider (0/4) Lair:4          Orc (0/2) D:9
  Slime: Lair:5-6

Altars:
Ashenzari
Cheibriados
Dithmenos
Elyvilon
Fedhas
Gozag
Hepliaklqana
Kikubaaqudgha
Makhleb
Nemelex Xobeh
Okawaru
Qazlal
Ru
Sif Muna
Trog
Uskayaw
Vehumet
Xom
Yredelemnul
Zin
The Shining One

Shops:
D:9 ?

Annotations:
Lair:1 exclusion: oklob plant


Innate Abilities, Weirdness & Mutations

You heal slowly.
You have razor-sharp teeth.
You have supernaturally acute eyesight. (SInv)
You can survive without breathing.


Message History

At your current hunger state you resist poison, resist cold, significantly resist negative energy, have a slow metabolism and heal slowly.
Your movement speed is average.
Your attack speed is very fast.
There's nothing to close nearby.
Unknown command.
There is a stone staircase leading down here.
You climb downwards.
The death yak barely misses you. The six-headed hydra bites you.
The six-headed hydra bites you!
The six-headed hydra completely misses you.
The six-headed hydra bites you.
The six-headed hydra bites you but does no damage.
The six-headed hydra bites you! The death yak gores you.
The death yak completely misses you.
There is a stone staircase leading up here.
The six-headed hydra bites you! x2; The six-headed hydra barely misses you.
The six-headed hydra bites you!
* * * LOW HITPOINT WARNING * * *
The six-headed hydra bites you!
* * * LOW HITPOINT WARNING * * *
The six-headed hydra misses you. The death yak gores you!!
You die...

###PP.....#####
##.#PP.......#.#
#.#.......(....#
#.............#
#.............###
##.....l......#.#
##..........#....###
#......Y.Y.#.#.....####
###.#...@.######......###
####..D..P# #..#....#.#
#.##.....#####.##.......
##......#.##.#.......##.
#*
##.#..######.....P..####
#P##......##......######
#........##P..#.P.#
##..#.#.####..#####
######## ###.#


You could see 2 death yaks, a six-headed hydra and a wyvern.

Vanquished Creatures
  Gastronok (Lair:3)
  Harold (D:10)
  An ice dragon (Lair:1)
  The ghost of Rhok the Impaler, a journeyman MfGl of Okawaru (D:10)
  8 hydras
  4 two-headed ogres (D:10)
  The ghost of p0werm0de the Thaumaturge, a novice GnWz of Ashenzari (Lair:1)
  A manticore (Lair:3)
  An orb spider (Lair:4)
  14 elephants
  3 black mambas
  7 spiny frogs
  A centaur skeleton (D:10)
  3 komodo dragons
  A polar bear (Lair:3)
  10 blink frogs
  9 hippogriffs
  3 wyverns (Lair:6)
  30 yaks
  A wraith (D:10)
  4 basilisks
  2 steam dragons (D:9)
  7 swamp worms (Lair:1)
  4 wargs
  7 water moccasins
  12 porcupines
  2 sky beasts
  11 orc warriors
  An ice beast (D:7)
  2 necrophages
  41 wolves
  4 ogres
  10 centaurs
  Blork the orc (D:6)
  9 crocodiles
  12 bullfrogs
  A water moccasin zombie (D:8)
  2 scorpions
  5 killer bees
  A wight (D:9)
  A howler monkey (D:8)
  A crimson imp (D:10)
  A centaur zombie (D:2)
  3 hounds
  2 quasits
  5 orc priests
  Crazy Yiuf (D:2)
  3 jellies
  A bullfrog skeleton (D:5)
  Jessica (D:2)
  11 orc wizards
  7 iguanas
  8 worker ants
  4 hell rats
  A hound zombie (D:5)
  The ghost of p0werm0de the Magician, a weakling GnWz (D:3)
  A worker ant zombie (D:9)
  3 gnolls (D:3)
  13 adders
  2 shadow imps
  An ooze (D:5)
  An adder skeleton (D:4)
  15 worms
  A dart slug (D:2)
  2 leopard geckos
  52 orcs
  3 bat zombies
  9 giant cockroaches
  17 goblins
  9 hobgoblins
  8 jackals
  6 kobolds
  7 quokkas
  A ball python (D:4)
  A ball python zombie (D:1)
  12 bats
  3 frilled lizards
  A leopard gecko zombie (D:7)
  8 rats
  A rat zombie (D:5)
467 creatures vanquished.

Vanquished Creatures (collateral kills)
  2 death yaks (Lair:5)
  A blink frog (Lair:1)
  2 hippogriffs (Lair:1)
  A sky beast (D:8)
  2 orc warriors (D:9)
  3 wights (D:9)
11 creatures vanquished.

Vanquished Creatures (others)
  18 fungi
  25 plants
43 creatures vanquished.

Grand Total: 521 creatures vanquished

Notes
Turn   | Place    | Note
-------+----------+-------------------------------------------
     0 | D:1      | grizmgrazm2 the Vampire Enchanter began the quest for the Orb.
     0 | D:1      | Reached XP level 1. HP: 13/13 MP: 3/3
   415 | D:1      | Reached XP level 2. HP: 19/19 MP: 5/5
   419 | D:1      | Learned a level 2 spell: Ensorcelled Hibernation
   441 | D:1      | Reached skill level 5 in Stealth
   796 | D:1      | Reached skill level 5 in Hexes
  1186 | D:2      | Reached XP level 3. HP: 7/24 MP: 2/6
  1191 | D:2      | Learned a level 3 spell: Confuse
  1989 | D:2      | Found a bloodstained altar of Trog.
  2007 | D:2      | Reached skill level 6 in Stealth
  2007 | D:2      | Reached XP level 4. HP: 24/30 MP: 0/7
  2296 | D:2      | Noticed Jessica
  2297 | D:2      | Killed Jessica
  2391 | D:2      | Reached XP level 5. HP: 35/35 MP: 8/8
  2515 | D:2      | Found a runed door.
  2519 | D:2      | Noticed Crazy Yiuf
  2523 | D:2      | Killed Crazy Yiuf
  2523 | D:2      | Reached skill level 7 in Stealth
  2602 | D:3      | Noticed p0werm0de's ghost (weakling GnWz)
  2680 | D:3      | Killed p0werm0de's ghost
  2929 | D:3      | Found a hide-covered altar of Uskayaw.
  3257 | D:3      | Reached skill level 8 in Stealth
  3445 | D:3      | Reached XP level 6. HP: 41/41 MP: 1/9
  3522 | D:3      | Found a faded altar of an unknown god.
  3936 | D:3      | Reached skill level 1 in Ice Magic
  4096 | D:4      | Learned a level 3 spell: Tukima's Dance
  4360 | D:4      | Found a staircase to the Ecumenical Temple.
  4366 | Temple   | Entered the Ecumenical Temple
  4371 | Temple   | Became a worshipper of Ashenzari the Shackled
  4404 | D:4      | Reached skill level 9 in Stealth
  4430 | D:4      | Found a blossoming altar of Fedhas.
  4697 | D:4      | Identified Heps's Incunabulum of Frigorific Fire
  4874 | D:5      | Entered Level 5 of the Dungeon
  4921 | D:5      | Identified the +4 quarterstaff of the Beginning {freeze, *Noise +Blink SInv}
  5054 | D:5      | Reached XP level 7. HP: 47/47 MP: 10/10
  5102 | D:5      | Found a glowing golden altar of the Shining One.
  5123 | D:5      | Reached * piety under Ashenzari
  5177 | D:5      | Reached skill level 10 in Stealth
  5453 | D:5      | Found an ancient bone altar of Kikubaaqudgha.
  6314 | D:5      | Found a glowing silver altar of Zin.
  6604 | D:6      | Reached skill level 11 in Stealth
  6624 | D:6      | Reached XP level 8. HP: 53/53 MP: 10/12
  6911 | D:6      | Noticed Blork the orc
  6915 | D:6      | Killed Blork the orc
  6915 | D:6      | Reached skill level 1 in Fighting
  7279 | D:6      | Found a sacrificial altar of Ru.
  7279 | D:6      | Found a shimmering altar of Xom.
  7590 | D:7      | Reached skill level 12 in Stealth
  8422 | D:8      | Reached ** piety under Ashenzari
  8477 | D:8      | Found a hazy altar of Hepliaklqana.
  8500 | D:8      | Reached XP level 9. HP: 59/59 MP: 13/15
  8532 | D:8      | Reached skill level 13 in Stealth
  8662 | D:9      | Found a flagged portal.
  8671 | Bailey   | Entered a bailey
  8968 | Bailey   | Reached skill level 10 in Hexes
 10329 | Bailey   | Identified the ring of Saruc {Int+5 Dex+2} (You took it off an orc warrior in a bailey)
 10329 | Bailey   | Reached skill level 5 in Spellcasting
 10812 | D:9      | Reached XP level 10. HP: 66/66 MP: 10/18
 11009 | D:9      | Found a stormy altar of Qazlal.
 11035 | D:9      | Found a white marble altar of Elyvilon.
 11041 | D:9      | Identified the +2 ring mail of Crawling {rElec}
 11151 | D:9      | Reached skill level 14 in Stealth
 11186 | D:9      | Found Soirph's Magic Scroll Boutique.
 11189 | D:9      | Bought a scroll of remove curse for 42 gold pieces
 11189 | D:9      | Bought a scroll of remove curse for 42 gold pieces
 11189 | D:9      | Bought a scroll of summoning for 133 gold pieces
 11189 | D:9      | Bought a scroll of remove curse for 42 gold pieces
 11189 | D:9      | Bought a scroll of remove curse for 42 gold pieces
 11189 | D:9      | Bought a scroll of remove curse for 42 gold pieces
 11189 | D:9      | Bought a scroll of identify for 28 gold pieces
 11818 | D:9      | Found a staircase to the Orcish Mines.
 12192 | D:10     | Entered Level 10 of the Dungeon
 12192 | D:10     | Noticed a two-headed ogre
 12194 | D:10     | Killed a two-headed ogre
 12230 | D:10     | Noticed a two-headed ogre
 12622 | D:10     | Killed a two-headed ogre
 12873 | D:10     | Learned a level 2 spell: Slow
 13002 | D:10     | Found a staircase to the Lair.
 13016 | D:10     | Noticed a two-headed ogre
 13037 | D:10     | Killed a two-headed ogre
 13037 | D:10     | Reached skill level 15 in Stealth
 13037 | D:10     | Reached XP level 11. HP: 72/72 MP: 9/22
 13172 | D:10     | Identified the +6 rapier "Hibb" {pierce, Dex+2}
 13192 | D:10     | Reached *** piety under Ashenzari
 13289 | D:10     | Noticed Harold
 13300 | D:10     | Killed Harold
 13799 | D:10     | Noticed Rhok's ghost (journeyman MfGl)
 13824 | D:10     | Killed Rhok's ghost
 13861 | D:10     | Noticed a two-headed ogre
 13863 | D:10     | Killed a two-headed ogre
 14005 | Lair:1   | Entered Level 1 of the Lair of Beasts
 14005 | Lair:1   | Noticed p0werm0de's ghost (novice GnWz)
 14020 | Lair:1   | Killed p0werm0de's ghost
 14644 | Lair:1   | Reached skill level 16 in Stealth
 14976 | Lair:1   | Noticed an ice dragon
 15109 | Lair:1   | Killed an ice dragon
 15121 | Lair:1   | Identified the Incunabulum of Fiery Bewitchment
 15596 | Lair:2   | Reached XP level 12. HP: 78/78 MP: 17/25
 15665 | Lair:2   | Reached skill level 5 in Short Blades
 15944 | Lair:2   | Reached skill level 10 in Spellcasting
 16014 | Lair:2   | Learned a level 3 spell: Summon Guardian Golem
 16019 | Lair:2   | Learned a level 4 spell: Summon Ice Beast
 16242 | Lair:2   | Noticed a six-headed hydra
 16332 | Lair:2   | Killed a six-headed hydra
 16332 | Lair:2   | Reached skill level 17 in Stealth
 16387 | Lair:2   | Noticed an eight-headed hydra
 16429 | Lair:2   | Killed an eight-headed hydra
 16930 | Lair:1   | Reached skill level 5 in Dodging
 17412 | Lair:1   | Reached skill level 5 in Ice Magic
 18210 | Lair:3   | Found a staircase to the Shoals.
 18403 | Lair:3   | Noticed a five-headed hydra
 18472 | Lair:2   | Reached skill level 15 in Hexes
 18691 | Lair:3   | Reached skill level 1 in Summonings
 18887 | Lair:3   | Reached XP level 13. HP: 85/85 MP: 14/28
 19037 | Lair:3   | Noticed Gastronok
 19054 | Lair:3   | Reached skill level 18 in Stealth
 19063 | Lair:3   | Killed Gastronok
 19194 | Lair:3   | Reached **** piety under Ashenzari
 19712 | Lair:4   | Identified the cursed +0 leather armour "Zuhub" {rElec Slay+3}
 19734 | Lair:4   | Found a hole to the Spider Nest.
 22592 | Lair:5   | Identified the +1 ring mail "Heimniyv" {+Blink Slay+2} (You found it on level 4 of the Dungeon)
 23047 | Lair:6   | Entered Level 6 of the Lair of Beasts
 23095 | Lair:6   | Reached skill level 19 in Stealth
 23663 | Lair:6   | Demolished by a death yak

Vault maps used:
D:1:      saegor_arrival_fortress
D:2:      old_standard_altar, first_bread, uniq_crazy_yiuf_cottage, uniq_jessica
D:3:      nicolae_overflow_crystal_walls, chequers_ecumenical_altar_twisty,
          minivault_24, serial_bayou_lake_a
D:4:      minmay_temple_entry_hall, fedhas_altar_4
D:5:      lemuel_doored_altar, lemuel_zombie_altar_kikubaaqudgha,
          kennysheep_mini_moat
D:6:      gammafunk_temple_overflow_elements, hangedman_decor_lopped,
          minmay_misc_feat_cross, uniq_blork_the_orc
D:8:      kennysheep_little_box, old_standard_altar, minmay_tree_intersection,
          david_nohive_1
D:9:      kennysheep_steamy, grunt_qazlal_sundering, elyvilon_altar_4,
          david_orc_1_choice, enter_bailey_3, serial_shops, kennysheep_mini
D:10:     erik_lair_orcish_takeover, uniq_harold
D:11:     uniq_grum, uniq_maurice
Temple:   minmay_freezing_vapour_temple
Lair:1:   dragon1_lemuel, minmay_lair_oklob_bushes, worms_lemuel,
          grunt_megastairs_5
Lair:2:   beast_lair_carwin_large_1
Lair:3:   minmay_shoals_entry_beasts, uniq_gastronok
Lair:4:   nicolae_spider_entry_orb_guardian
Lair:5:   grunt_forest_large_clearings
Lair:6:   hangedman_lair_tendril_chambers, minmay_slime_entry_oklob_open
Bailey:   bailey_polearm_flooded_kennysheep, bailey

Skill      XL: |  1  2  3  4  5  6  7  8  9 10 11 12 13 |
---------------+----------------------------------------+-----
Stealth        | 5 6 8 9 11 12 13 15 16 17 19 | 19.2
Hexes          | 5 6 7 9 12 13 14 15 16 | 16.0
Short Blades   | 2 3 4 5 6 |  6.1
Ice Magic      | 1 2 3 4 5 6 |  6.8
Dodging        | 3 4 5 |  5.6
Spellcasting   | 3 4 5 7 9 11 12 | 12.4
Fighting       | 1 2 3 |  3.1
Summonings     | 1 |  1.1

Action                   |  1- 3 |  4- 6 |  7- 9 | 10-12 | 13-15 || total
-------------------------+-------+-------+-------+-------+-------++-------
Melee: Dagger            |    91 |   143 |   227 |   380 |   100 ||   941
       Bite              |     6 |     8 |    12 |    31 |     3 ||    60
       Unarmed           |       |       |       |     2 |       ||     2
 Cast: Corona            |     6 |       |       |       |       ||     6
       Ensorcelled Hiber |    17 |    38 |    46 |   167 |    93 ||   361
       Confuse           |     2 |     4 |    62 |    57 |    14 ||   139
       Tukima's Dance    |       |       |     1 |     8 |       ||     9
       Summon Ice Beast  |       |       |       |    15 |    18 ||    33
       Summon Guardian G |       |       |       |     1 |       ||     1
Invok: Curse Item        |       |     2 |     3 |     2 |     2 ||     9
       Scrying           |       |       |       |     1 |       ||     1
 Abil: End Transformatio |       |       |     4 |     3 |       ||     7
       Bat Form          |       |       |     4 |     3 |       ||     7
  Use: Scroll            |     2 |    12 |     4 |     7 |     5 ||    30
       Potion            |       |     1 |     6 |    16 |     5 ||    28
 Stab: Sleeping          |    22 |    54 |    61 |   136 |    70 ||   343
       Confused          |       |     4 |     8 |    24 |     7 ||    43
       Distracted        |       |       |     1 |       |       ||     1
Armor: Robe              |    21 |    32 |    36 |    39 |    31 ||   159
Dodge: Dodged            |    65 |   132 |   212 |   288 |   154 ||   851

Table legend:
 A = Spawn XP
 B = Non-spawn XP
 C = Spawn XP percentage of total XP
 D = Spawn monster count
 E = Non-spawn monster count
 F = Spawn count percentage of total count
 G = Total turns spent on level
                    A         B        C        D         E        F      G
               +---------+---------+-------+---------+---------+-------+---------
         Total |       0 |   63856 |   0.0 |       0 |     478 |   0.0 | 23663
               +---------+---------+-------+---------+---------+-------+---------
           D:1 |       0 |      28 |   0.0 |       0 |      19 |   0.0 |  1157
           D:2 |       0 |     237 |   0.0 |       0 |      31 |   0.0 |  1494
           D:3 |       0 |     174 |   0.0 |       0 |      32 |   0.0 |  1426
           D:4 |       0 |     168 |   0.0 |       0 |      13 |   0.0 |   777
           D:5 |       0 |     634 |   0.0 |       0 |      27 |   0.0 |  1696
           D:6 |       0 |     464 |   0.0 |       0 |      10 |   0.0 |   864
           D:7 |       0 |     748 |   0.0 |       0 |      25 |   0.0 |   843
           D:8 |       0 |     675 |   0.0 |       0 |      12 |   0.0 |   304
           D:9 |       0 |    1982 |   0.0 |       0 |      33 |   0.0 |  2066
          D:10 |       0 |    7408 |   0.0 |       0 |      32 |   0.0 |  1274
          D:11 |       0 |      33 |   0.0 |       0 |       1 |   0.0 |    20
        Lair:1 |       0 |    8444 |   0.0 |       0 |      53 |   0.0 |  2827
        Lair:2 |       0 |    9655 |   0.0 |       0 |      52 |   0.0 |  1719
        Lair:3 |       0 |   12296 |   0.0 |       0 |      33 |   0.0 |  1353
        Lair:4 |       0 |    7942 |   0.0 |       0 |      29 |   0.0 |  2185
        Lair:5 |       0 |    4656 |   0.0 |       0 |      21 |   0.0 |  1306
        Lair:6 |       0 |    6076 |   0.0 |       0 |      16 |   0.0 |   268
        Bailey |       0 |    2236 |   0.0 |       0 |      39 |   0.0 |  2064
               +---------+---------+-------+---------+---------+-------+---------
